 Dungeon Crawl Stone Soup version 0.23.2-1-ga50397a (webtiles) character file.

Game seed: 9922625783455856183

11062 whitewolfNL the Grappler (level 11, -4/105 HPs)
             Began as a Troll Berserker on May 7, 2019.
             Was a High Priest of Trog.
             Slain by an eight-headed hydra (15 damage)
             ... on level 1 of the Lair of Beasts.
             The game lasted 00:35:13 (7276 turns).

whitewolfNL the Grappler (Troll Berserker)          Turns: 7276, Time: 00:35:15

Health: -4/105     AC:  6    Str: 27    XL:     11   Next: 44%
Magic:  13/13      EV: 12    Int:  3    God:    Trog [*****.]
Gold:   389        SH: 10    Dex: 15    Spells: 10/10 levels left

rFire    . . .     SeeInvis +   S - +0 morningstar (flame)
rCold    . . .     Gourm    +   j - +0 shield
rNeg     . . .     Faith    .   r - +0 robe
rPois    .         Spirit   .   w - +0 mask of the Dragon {MR+ Slay+3 SInv}
rElec    .         Reflect  .   (no cloak)
rCorr    +         Harm     .   (gloves unavailable)
MR       +....                  (boots unavailable)
Stlth    ++........             (no amulet)
HPRegen  0.67/turn              M - ring of resist corrosion
MPRegen  0.13/turn              H - +3 ring of dexterity

@: no status effects
A: large, unfitting armour, claws 3, fast metabolism 3, gourmand, regeneration
1, shaggy fur 1, tough skin 3
a: Berserk, Trog's Hand, Brothers in Arms, Renounce Religion


You were on level 1 of the Lair of Beasts.
You worshipped Trog.
Trog was extremely pleased with you.
You were completely stuffed.

You visited 2 branches of the dungeon, and saw 10 of its levels.

You collected 575 gold pieces.
You spent 186 gold pieces at shops.

Inventory:

Hand Weapons
 c - a +0 blowgun
 y - a +0 giant spiked club
 S - a +0 morningstar of flaming (weapon)
Missiles
 h - 92 bolts
 m - 223 stones
 p - 39 poisoned needles
 t - 49 arrows
 v - 52 sling bullets
 D - a poisoned javelin (quivered)
 G - 3 needles of frenzy
 Q - 6 tomahawks of dispersal
Armour
 j - a +0 shield (worn)
 r - a +0 robe (worn)
 w - the +0 mask of the Dragon (worn) {MR+ Slay+3 SInv}
   (You found it on level 4 of the Dungeon)

   It affects your accuracy and damage with ranged weapons and melee attacks
   (+3).
   It affects your resistance to hostile enchantments.
   It lets you see invisible.
 O - a +2 hat of magic resistance
Jewellery
 f - an uncursed ring of fire {unknown}
 B - an uncursed ring of see invisible
 H - a +3 ring of dexterity (right claw)
 M - a ring of resist corrosion (left claw)
Wands
 s - a wand of polymorph (5)
 F - a wand of scattershot (9)
 J - a wand of iceblast (11)
Scrolls
 d - 3 scrolls of enchant weapon
 e - 5 scrolls of magic mapping
 g - 2 scrolls of fear
 i - 2 scrolls of enchant armour {unknown}
 l - a scroll of blinking {unknown}
 u - 4 scrolls of remove curse
 C - 2 scrolls of random uselessness {unknown}
 K - 2 scrolls of fog {unknown}
 L - 2 scrolls of teleportation {unknown}
 P - a scroll of holy word {unknown}
Potions
 n - a potion of haste
 q - a potion of might
 x - 2 potions of brilliance
 z - 2 potions of lignification
 A - a potion of curing
 I - a potion of cancellation {unknown}
Miscellaneous
 a - a phantom mirror
 o - a box of beasts
Comestibles
 b - 21 rations
 k - a chunk of flesh


   Skills:
 * Level 6.3 Fighting
 * Level 0.3 Maces & Flails
 * Level 6.4 Throwing
 + Level 6.1 Dodging
 - Level 2.0 Stealth
 - Level 4.0 Shields
 + Level 11.3 Unarmed Combat
 - Level 4.0 Evocations


You had 10 spell levels left.
You didn't know any spells.
Your spell library was empty.

Dungeon Overview and Level Annotations

Branches:
Dungeon (9/15)             Temple (0/1) D:4            Lair (1/6) D:9
    Orc: D:9-12

Altars:
Fedhas
Gozag
Okawaru
Qazlal
Ru
Sif Muna
Zin

Shops:
D:5 =   D:7 *   D:8 *:((


Innate Abilities, Weirdness & Mutations

You are too large for most types of armour.
You have claws for hands.
Your metabolism is lightning-fast.
You like to eat raw meat.
Your natural rate of healing is unusually fast.
You are covered in fur. (AC +1)
You have extremely tough skin. (AC +3)


Message History

The eight-headed hydra is severely wounded.
Throwing (i - inventory. (/) - cycle)
D - 2 poisoned javelins (quivered)
Press: ? - help, Shift-Dir - straight line, f/p - eight-headed hydra
Aim: an eight-headed hydra (severely wounded, poisoned)
You throw a poisoned javelin.
The poisoned javelin hits the eight-headed hydra!
The eight-headed hydra is almost dead.
You hit the eight-headed hydra. You burn the eight-headed hydra.
The eight-headed hydra is almost dead.
The eight-headed hydra bites you!
You block the eight-headed hydra's attack. x2
The eight-headed hydra bites you! x3
* * * LOW HITPOINT WARNING * * *
The eight-headed hydra bites you!
* * * LOW HITPOINT WARNING * * *
The eight-headed hydra barely misses you.
The eight-headed hydra bites you!
* * * LOW HITPOINT WARNING * * *
The eight-headed hydra bites you!
You die...

.......<......................
.............................#
......##.#P.##...............#
.....# #######................
..... #...#.###.#.....# ###.
#...#...........# #
#...#......#....#
##..........#....#
##@...#'#.####....#
((.(.(D................#
(.......................
.......................#
....############..÷..... ...#
#........# ... ##..†.>..# ..
#.......# #.......#


You could see an eight-headed hydra.

Vanquished Creatures
  Gastronok (D:9)
  An unseen horror (D:7)
  2 ugly things
  The ghost of schauveau the Archer, a novice CeHu of Okawaru (D:8)
  A spiny frog (Lair:1)
  The ghost of grenoire the Chopper, an amateur MiBe of Trog (D:4)
  A troll (D:9)
  A spriggan (D:7)
  18 yaks
  A wyvern (D:8)
  3 wargs (D:9)
  Edmund (D:6)
  A water moccasin (D:6)
  A porcupine (Lair:1)
  2 phantoms
  A sky beast (D:8)
  11 ogres
  3 centaurs
  A crocodile (Lair:1)
  A big kobold (D:7)
  7 bullfrogs
  2 water moccasin zombies (D:9)
  3 scorpions
  4 crimson imps
  A quasit (D:8)
  4 orc priests
  A bullfrog zombie (D:9)
  A bullfrog skeleton (D:5)
  3 hounds
  8 orc wizards
  Jessica (D:3)
  Terence (D:2)
  An iguana (D:5)
  5 worker ants
  Robin (D:2)
  10 gnolls
  A howler monkey skeleton (D:9)
  14 adders
  3 shadow imps
  An adder skeleton (D:5)
  4 worms
  4 dart slugs
  5 leopard geckos
  26 orcs
  A ball python (D:1)
  4 bats
  3 giant cockroaches
  13 goblins
  10 hobgoblins
  4 jackals (D:3)
  11 kobolds
  7 quokkas
  4 frilled lizards
  A leopard gecko skeleton (D:5)
  2 quokka skeletons
  4 rats
228 creatures vanquished.

Notes
Turn   | Place    | Note
-------+----------+-------------------------------------------
     0 | D:1      | whitewolfNL the Troll Berserker began the quest for the
                  | Orb.
     0 | D:1      | Reached XP level 1. HP: 22/22 MP: 0/0
    80 | D:1      | Reached XP level 2. HP: 29/29 MP: 1/1
   320 | D:1      | Reached ** piety under Trog
   528 | D:2      | Reached XP level 3. HP: 36/36 MP: 2/2
   554 | D:2      | Reached skill level 1 in Throwing
   562 | D:2      | Noticed Robin
   566 | D:2      | Noticed Terence
   602 | D:2      | Killed Robin
   602 | D:2      | Reached XP level 4. HP: 22/44 MP: 3/3
   609 | D:2      | Killed Terence
   968 | D:2      | Found a faded altar of an unknown god.
  1196 | D:3      | Noticed Jessica
  1200 | D:3      | Killed Jessica
  1200 | D:3      | Reached skill level 4 in Unarmed Combat
  1200 | D:3      | Reached XP level 5. HP: 52/52 MP: 4/4
  1379 | D:3      | Found a sacrificial altar of Ru.
  1787 | D:4      | Reached skill level 1 in Stealth
  1790 | D:4      | Reached skill level 1 in Shields
  1808 | D:4      | Reached XP level 6. HP: 39/61 MP: 5/5
  1815 | D:4      | Reached *** piety under Trog
  2097 | D:4      | Found a staircase to the Ecumenical Temple.
  2098 | D:4      | Found the +0 mask of the Dragon {MR+ Slay+3 SInv}
  2348 | D:4      | Reached XP level 7. HP: 14/67 MP: 6/6
  2382 | D:4      | Reached skill level 5 in Unarmed Combat
  2577 | D:4      | Found a runed translucent door.
  2577 | D:4      | Noticed grenoire's ghost (amateur MiBe)
  2600 | D:4      | Killed grenoire's ghost
  2870 | D:5      | Entered Level 5 of the Dungeon
  2947 | D:5      | Noticed a yak
  2954 | D:5      | Killed a yak
  2954 | D:5      | Reached XP level 8. HP: 78/78 MP: 7/7
  2993 | D:5      | Reached skill level 6 in Unarmed Combat
  3004 | D:5      | HP: 1/78 [worker ant (3)]
  3264 | D:5      | Reached **** piety under Trog
  3355 | D:5      | Found Veipuas's Jewellery Emporium.
  3790 | D:6      | Found a deep blue altar of Sif Muna.
  3860 | D:6      | Found a blossoming altar of Fedhas.
  3966 | D:6      | Reached XP level 9. HP: 85/85 MP: 8/8
  3971 | D:6      | Reached skill level 7 in Unarmed Combat
  4061 | D:6      | Noticed Edmund
  4083 | D:6      | Killed Edmund
  4412 | D:7      | Reached skill level 1 in Evocations
  4457 | D:7      | Found Vevafeshraurr's Assorted Antiques.
  4460 | D:7      | Bought a scroll of remove curse for 96 gold pieces
  4460 | D:7      | Bought a scroll labeled FUC LOEMMAKHIXIYW for 32 gold
                  | pieces
  4513 | D:7      | Noticed an unseen horror
  4523 | D:7      | Killed an unseen horror
  4523 | D:7      | Reached skill level 8 in Unarmed Combat
  4545 | D:7      | Reached skill level 5 in Fighting
  4584 | D:7      | Reached skill level 5 in Dodging
  4904 | D:7      | Reached skill level 5 in Throwing
  4908 | D:7      | Reached XP level 10. HP: 96/96 MP: 10/10
  4921 | D:7      | Reached skill level 9 in Unarmed Combat
  5439 | D:8      | Found Xeplu's Weapon Emporium.
  5502 | D:8      | Found Padov's Antique Weapon Shoppe.
  5555 | D:8      | Found Omaragif's Assorted Antiques.
  5563 | D:8      | Bought a scroll of identify for 58 gold pieces
  5714 | D:8      | Found Qyamnoemig's Book Emporium.
  6023 | D:8      | Found a runed translucent gate.
  6023 | D:8      | Found a runed translucent gate.
  6024 | D:8      | Found a runed translucent gate.
  6025 | D:8      | Found an opulent altar of Gozag.
  6026 | D:8      | Noticed a cyan ugly thing
  6027 | D:8      | Noticed schauveau's ghost (novice CeHu)
  6043 | D:8      | Killed a cyan ugly thing
  6053 | D:8      | Killed schauveau's ghost
  6189 | D:9      | Found an iron altar of Okawaru.
  6189 | D:9      | Found a stormy altar of Qazlal.
  6295 | D:9      | Reached ***** piety under Trog
  6380 | D:9      | Noticed Gastronok
  6395 | D:9      | Killed Gastronok
  6395 | D:9      | Reached skill level 10 in Unarmed Combat
  6492 | D:9      | Reached XP level 11. HP: 105/105 MP: 12/12
  6567 | D:9      | Found a staircase to the Lair.
  6800 | D:9      | Reached skill level 11 in Unarmed Combat
  6926 | D:9      | Received a gift from Trog
  6947 | D:9      | Found a glowing silver altar of Zin.
  7088 | D:9      | Noticed a cyan ugly thing
  7098 | D:9      | Killed a cyan ugly thing
  7182 | Lair:1   | Entered Level 1 of the Lair of Beasts
  7269 | Lair:1   | Noticed an eight-headed hydra
  7276 | Lair:1   | Slain by an eight-headed hydra

Skill      XL: |  1  2  3  4  5  6  7  8  9 10 11 |
---------------+----------------------------------+-----
Throwing       | 1 2 3 4 5 6 |  6.4
Unarmed Combat | 4 5 6 8 10 11 | 11.3
Stealth        | 1 2 |  2.0
Fighting       | 3 4 5 6 |  6.3
Dodging        | 3 4 5 6 |  6.1
Shields        | 1 2 3 4 |  4.0
Evocations     | 2 3 4 |  4.0
Maces & Flails | |  0.3

Action                   |  1- 3 |  4- 6 |  7- 9 | 10-12 || total
-------------------------+-------+-------+-------+-------++-------
Melee: Unarmed           |    75 |   110 |   256 |   219 ||   660
       Punch             |     1 |     2 |       |       ||     3
       Morningstar       |       |       |       |     1 ||     1
Throw: Tomahawk          |       |       |       |     3 ||     3
       Javelin           |       |       |       |     2 ||     2
Invok: Berserk           |     2 |     3 |     9 |     7 ||    21
  Use: Scroll            |       |       |    12 |     1 ||    13
       Potion            |       |       |     3 |       ||     3
 Stab: Sleeping          |       |     2 |     2 |     2 ||     6
  Eat: Chunk             |    12 |    18 |    34 |    29 ||    93
Armor: Animal skin       |    48 |    21 |       |       ||    69
       Robe              |       |    23 |    44 |    21 ||    88
Dodge: Dodged            |    72 |    72 |    75 |    50 ||   269
Block: Shield            |       |    43 |   104 |    55 ||   202
